 Dungeon Crawl Stone Soup version 0.31.0-11-ge490571c62 (console) character file.

Game seed: 14210379995953518117

8 bearlyready the Cudgeller (level 2, -3/29 HPs)
             Began as an Oni Gladiator on Feb 3, 2024.
             Slain by a gnoll
             ... wielding a +0 whip
              (9 damage)
             ... on level 1 of the Dungeon.
             The game lasted 00:01:40 (485 turns).

bearlyready the Cudgeller (Oni Gladiator)            Turns: 485, Time: 00:01:40

Health: -3/29      AC:  3    Str: 17    XL:     2   Next: 8%
Magic:  2/2        EV: 10    Int:  9    God:
Gold:   0          SH:  0    Dex: 10    Spells: 1/1 levels left

rFire   . . .        a - +0 flail
rCold   . . .        (no shield)
rNeg    . . .        b - +0 robe
rPois   .            c - +0 hat
rElec   .            (no cloak)
rCorr   .            (gloves unavailable)
SInv    .            (boots unavailable)
Will    .....        (no amulet)
Stlth   +            (no ring)
HPRegen 0.24/turn    (no ring)
MPRegen 0.08/turn

%: no passive effects
@: no status effects
A: large, unfitting armour, horns 1, tough skin 1, double potion healing,
drunken brawling
a: no special abilities


You were on level 1 of the Dungeon.
You visited 1 branch of the dungeon, and saw 1 of its levels.

Inventory:

Hand Weapons
 a - a +0 flail (weapon)
Missiles
 d - 3 throwing nets (quivered)
 e - a large rock
 i - 4 stones
Armour
 b - a +0 robe (worn)
 c - a +0 hat (worn)
Scrolls
 f - a scroll of identify {unknown}
 g - a scroll of amnesia {unknown}
 h - a scroll of immolation {unknown}
Potions
 j - a potion of heal wounds {unknown}


   Skills:
 - Level 2.6 Fighting
 + Level 3.5 Maces & Flails
 - Level 2.0 Throwing
 - Level 2.6 Dodging


You had one spell level left.
You didn't know any spells.
Your spell library was empty.

Dungeon Overview and Level Annotations

Branches:
Dungeon (1/15)

Altars:


Innate Abilities, Weirdness & Mutations

You are too large for most types of armour.
You have a pair of small horns on your head.
You have tough skin. (AC +1)
You gain doubled healing and magic from potions.
Whenever you drink a healing potion, you attack all around you.


Message History

The frilled lizard closely misses you.
You completely miss the frilled lizard. You headbutt the frilled lizard.
You kill the frilled lizard!
No target in view!
A hobgoblin comes into view.
The hobgoblin hits you but does no damage.
You thump the hobgoblin!
You kill the hobgoblin!
You have reached level 2!
There is an open door here.
You open the door.
There is an open door here.
A rat comes into view.
A rat is nearby!
A gnoll comes into view. It is wielding a +0 whip.
The gnoll shouts!
The rat squeaks loudly.
You closely miss the rat. The rat bites you. The rat barely misses you.
You closely miss the rat. The rat bites you but does no damage.
You sock the rat!
You kill the rat!
You barely miss the gnoll. You headbutt the gnoll.
The gnoll is lightly wounded.
The gnoll hits you with a +0 whip. x2
You closely miss the gnoll.
The gnoll is lightly wounded.
The gnoll hits you with a +0 whip.
You closely miss the gnoll.
The gnoll is lightly wounded.
The gnoll hits you with a +0 whip.
You barely miss the gnoll. Your headbutt misses the gnoll.
The gnoll is lightly wounded.
The gnoll hits you with a +0 whip.
You hit the gnoll.
The gnoll is heavily wounded.
The gnoll hits you with a +0 whip!
* * * LOW HITPOINT WARNING * * *
You barely miss the gnoll.
The gnoll is heavily wounded.
The gnoll hits you with a +0 whip!
You die...

#.##...........#..##
#.
#.######.####.###..#
#.# #.###.##
##.#######.
#.######.##.##
##........
#........###.##
##.########
########## ##.###.##
##.#.## ##..# ##.#
#.# # #@# .## #g#
...#.
.##.###.##......
#...............
.##.##...#!.....
#.....#...#. ##...##
.## ##.## # #.# #.#
#+#


You could see a gnoll.

Vanquished Creatures
  A ball python (D:1)
  A hobgoblin (D:1)
  2 kobolds (D:1)
  A quokka (D:1)
  A bat (D:1)
  A frilled lizard (D:1)
  A rat (D:1)
8 creatures vanquished.

Notes
Turn   | Place    | Note
-------+----------+-------------------------------------------
     0 | D:1      | bearlyready the Oni Gladiator began the quest for the Orb.
     0 | D:1      | Reached XP level 1. HP: 22/22 MP: 1/1
   408 | D:1      | Reached XP level 2. HP: 29/29 MP: 2/2
   485 | D:1      | Slain by a gnoll

Illustrated notes

Levels and vault maps discovered:
D:1:      minmay_arrival_doors, layout_loops_corners, serial_forest,
          infiniplex_forest_straight_1, infiniplex_forest_zigzag_2,
          infiniplex_forest_end_3, infiniplex_forest_fountain,
          infiniplex_forest_zigzag_1, infiniplex_forest_straight_4,
          infiniplex_forest_corner_1, nicolae_figureground_sparkle

Action                     || total
---------------------------++-------
  Melee: Flail             ||    26
         Headbutt          ||     3
 Armour: Robe              ||    20
  Dodge: Dodged            ||     7
